 Dungeon Crawl Stone Soup version 0.21.1-1-g345015f (webtiles) character file.

49 Iko the Digger (level 3, -6/25 HPs)
             Began as a Gnoll Earth Elementalist on May 27, 2018.
             Killed by nerve-wracking pain
             ... invoked by Menkaure
              (7 damage)
             ... on level 4 of the Dungeon.
             The game lasted 00:03:12 (329 turns).

Iko the Digger (Gnoll Earth Elementalist)            Turns: 329, Time: 00:03:12

Health: -6/25      AC:  2    Str: 11    XL:     3   Next: 75%
Magic:  8/9        EV: 14    Int: 17    God:
Gold:   61         SH:  0    Dex: 15    Spells: 11/12 levels left

rFire    . . .     SeeInvis .   f - +0 great mace
rCold    . . .     Gourm    .   (shield currently unavailable)
rNeg     + . .     Faith    .   c - +0 robe
rPois    .         Spirit   .   (no helmet)
rElec    .         Reflect  .   (no cloak)
rCorr    .         Harm     .   (no gloves)
MR       .....                  (no boots)
Stlth    ++++......             (no amulet)
HPRegen  0.08/turn              g - ring of stealth
MPRegen  0.11/turn              h - ring of positive energy

@: no status effects
A: distributed training, fangs 1, strong nose
a: no special abilities


You were on level 4 of the Dungeon.
You were not hungry.

You visited 1 branch of the dungeon, and saw 4 of its levels.

You collected 61 gold pieces.

Inventory:

Hand Weapons
 f - a +0 great mace (weapon)
Missiles
 b - 16 stones (quivered)
Armour
 c - a +0 robe (worn)
Jewellery
 g - a ring of stealth (left hand)
 h - a ring of positive energy (right hand)
Books
 e - a book of Geomancy

   Spells                             Type                      Level
   a - Sandblast                      Earth                        1
   b - Passwall                       Transmutation/Earth          2
   c - Stone Arrow                    Conjuration/Earth            3
   d - Petrify                        Transmutation/Earth          4
   e - Lee's Rapid Deconstruction     Earth                        5
Comestibles
 d - 4 rations


   Skills:
 + Level 0.9 Fighting
 + Level 0.9 Short Blades
 + Level 0.9 Long Blades
 + Level 0.9 Axes
 + Level 0.9 Maces & Flails
 + Level 0.9 Polearms
 + Level 0.9 Staves
 + Level 0.9 Slings
 + Level 0.9 Bows
 + Level 0.9 Crossbows
 + Level 0.9 Throwing
 + Level 0.9 Armour
 + Level 4.5 Dodging
 + Level 4.2 Stealth
 + Level 0.9 Shields
 + Level 0.9 Unarmed Combat
 + Level 5.0 Spellcasting
 + Level 0.6 Conjurations
 + Level 0.6 Hexes
 + Level 0.6 Charms
 + Level 0.6 Summonings
 + Level 0.6 Necromancy
 + Level 0.6 Translocations
 + Level 2.1 Transmutations
 + Level 0.6 Fire Magic
 + Level 0.6 Ice Magic
 + Level 0.6 Air Magic
 + Level 5.4 Earth Magic
 + Level 0.6 Poison Magic
 + Level 1.0 Invocations
 + Level 0.9 Evocations


You had 11 spell levels left.
You knew the following spells:

 Your Spells              Type           Power        Failure   Level  Hunger
a - Sandblast             Erth           ###...       1%          1    None


Dungeon Overview and Level Annotations

Branches:
Dungeon (4/15)
 Temple: D:4-7

Altars:

Annotations:
D:4 Menkaure


Innate Abilities, Weirdness & Mutations

Your experience applies equally to all skills.
You have very sharp teeth.
Your uncanny sense of smell can sniff out nearby items.


Message History

* * * LOW HITPOINT WARNING * * *
Sorry, you're not good enough to have a special ability.
Unknown command.
Casting: Sandblast
Confirm with . or Enter, or press ? or * to list all spells.
Aiming: Sandblast
Press: ? - help, Shift-Dir - straight line, f - Menkaure
Aim: Menkaure (fast)
The blast of sand hits Menkaure.
b - 16 stones Menkaure points at you and mumbles some strange words.
Pain shoots through your body!
* * * LOW HITPOINT WARNING * * *
You hit Menkaure but do no damage. Menkaure misses you.
Menkaure barely misses you.
You barely miss Menkaure. Menkaure hits you.
* * * LOW HITPOINT WARNING * * *
Menkaure casts a spell at you. Pain shoots through your body!
You die...

##.# #... ∆
#..# #..#
#..# #..#
##
#..###...##
#.@<.......
##M###...##
#.# ## #.#
#.# #.# ###


You could see Menkaure.

Vanquished Creatures
  An iguana (D:4)
  An adder (D:3)
  An ooze (D:3)
  A worm (D:3)
  A bat (D:3)
  A giant cockroach (D:1)
  A goblin (D:3)
  2 frilled lizards
  2 rats (D:3)
11 creatures vanquished.

Notes
Turn   | Place    | Note
-------+----------+-------------------------------------------
     0 | D:1      | Iko the Gnoll Earth Elementalist began the quest for the Orb.
     0 | D:1      | Reached XP level 1. HP: 13/13 MP: 6/6
   144 | D:3      | Reached XP level 2. HP: 19/19 MP: 3/7
   272 | D:3      | Reached XP level 3. HP: 25/25 MP: 6/9
   321 | D:4      | Noticed Menkaure
   326 | D:4      | Reached skill level 5 in Spellcasting
   326 | D:4      | Reached skill level 1 in Invocations
   329 | D:4      | HP: 1/25 [Menkaure (2)]
   329 | D:4      | Killed from afar by Menkaure

Skill      XL: |  1  2  3 |
---------------+----------+-----
Transmutations | 2 |  2.1
Spellcasting   | 5 |  5.0
Invocations    | 1 |  1.0
Fighting       | |  0.9
Short Blades   | |  0.9
Long Blades    | |  0.9
Axes           | |  0.9
Maces & Flails | |  0.9
Polearms       | |  0.9
Staves         | |  0.9
Slings         | |  0.9
Bows           | |  0.9
Crossbows      | |  0.9
Throwing       | |  0.9
Armour         | |  0.9
Dodging        | |  4.5
Stealth        | |  4.2
Shields        | |  0.9
Unarmed Combat | |  0.9
Conjurations   | |  0.6
Hexes          | |  0.6
Charms         | |  0.6
Summonings     | |  0.6
Necromancy     | |  0.6
Translocations | |  0.6
Fire Magic     | |  0.6
Ice Magic      | |  0.6
Air Magic      | |  0.6
Earth Magic    | |  5.4
Poison Magic   | |  0.6
Evocations     | |  0.9

Action                   || total
-------------------------++-------
Melee: Great mace        ||     6
       Bite              ||     1
 Cast: Sandblast         ||    14
  Use: Scroll            ||     1
       Potion            ||     1
 Stab: Distracted        ||     1
Dodge: Dodged            ||     4
